Map: Ephemeron LE

Players

Trifax - Winner!

  • Race: Zerg Zerg
  • League: Master
  • Spawn Location: 11:00

IIIIIIIIIIII

  • Race: Protoss Protoss
  • League: Master
  • Spawn Location: 5:00

VOD

Have the link to the VOD?

Description

Time

  • Played on: Oct. 1, 2019, 9:16 a.m.
  • Length: 12:11
Show
View Real Time Build Order
Export as new Build Order

Trifax Zerg - Winner!

Build Orders: Hatch First, Lurkers 

Get SALT Encoding   

  12  0:00  Drone  
  13  0:12  Overlord  
  13  0:18  Drone  
  14  0:33  Drone x2  
  16  0:49  Hatchery  
  15  0:52  Drone  
  15  0:56  Drone  
  17  1:00  Drone  
  18  1:10  Extractor  
  17  1:15  Spawning Pool  
  17  1:18  Drone  
  17  1:22  Drone  
  18  1:29  Drone  
  19  1:40  Drone  
  20  1:52  Drone  
  21  2:01  Overlord  
  21  2:02  Queen x2  
  21  2:03  Zergling x2  
  26  2:14  Drone x2  
  28  2:25  Drone  
  28  2:26  Drone  
  30  2:31  Hatchery  
  29  2:37  Queen  
  29  2:42  Overlord  
  31  2:45  Pneumatized Carapace  
  31  2:49  Drone  
  31  2:50  Drone  
  33  2:52  Drone  
  34  3:03  Drone x2  
  36  3:13  Drone x5  
  36  3:17  Overlord  
  41  3:28  Queen  
  41  3:33  Overlord  
  43  3:34  Drone  
  44  3:44  Queen, Spore Crawler  
  44  3:48  Drone, Metabolic Boost  
  45  4:02  Spore Crawler x2  
  44  4:07  Spore Crawler  
  44  4:08  Drone x10  
  51  4:22  Zergling x2  
  51  4:23  Zergling x4  
  56  4:31  Drone x3  
  56  4:32  Overlord x2  
  56  4:36  Spore Crawler  
  57  4:48  Spore Crawler  
  57  4:52  Lair  
  57  4:54  Extractor  
  57  4:56  Drone x11, Roach Warren, Extractor  
  65  5:05  Drone x2  
  65  5:17  Overlord x2  
  65  5:18  Evolution Chamber  
  65  5:20  Overlord  
  64  5:22  Drone  
  64  5:23  Extractor x2  
  63  5:32  Drone x2  
  63  5:34  Overlord x3  
  65  5:44  Zerg Missile Weapons Level 1  
  65  5:47  Roach x8  
  65  5:49  Overseer  
  81  5:51  Overseer  
  81  5:56  Queen  
  83  5:58  Drone x5  
  88  6:09  Glial Reconstitution  
  88  6:11  Drone  
  88  6:12  Drone x5  
  88  6:14  Extractor  
  88  6:16  Hydralisk Den  
  92  6:19  Drone x2  
  94  6:26  Drone x5  
  99  6:47  Hatchery  
  99  6:48  Hydralisk x2  
  99  6:49  Hydralisk x2  
  99  6:52  Overlord x5  
  106  7:08  Grooved Spines  
  106  7:13  Hydralisk x10  
  106  7:14  Hydralisk  
  128  7:23  Overseer x2  
  128  7:28  Hydralisk x5  
  138  7:35  Overlord  
  138  7:36  Overlord x2  
  138  7:46  Overlord x3  
  138  7:52  Zerg Missile Weapons Level 2  
  138  8:00  Drone x10, Lurker Den  
  138  8:01  Extractor  
  138  8:04  Infestation Pit  
  138  8:05  Extractor  
  144  8:16  Drone x10  
  144  8:19  Muscular Augments  
  154  8:21  Overseer  
  154  8:38  Hydralisk x5  
  164  8:46  Hatchery  
  163  8:49  Spine Crawler  
  163  8:50  Hive  
  163  8:51  Spine Crawler  
  163  8:52  Extractor  
  160  8:56  Overseer  
  160  8:57  Extractor  
  160  9:01  Overlord  
  160  9:02  Overlord  
  159  9:06  Spore Crawler  
  158  9:22  Overseer  
  158  9:26  Lurker x9  
  158  9:27  Lurker x3  
  158  9:31  Hydralisk x3  
  170  9:33  Zergling x2  
  170  9:34  Zergling x44  
  197  10:04  Adaptive Talons  
  187  10:19  Overseer  
  177  10:24  Hydralisk x8  
  177  10:26  Zergling x24  
  179  10:50  Zergling x20  
  186  11:04  Hydralisk x10  
  198  11:19  Overlord x2  
  198  11:22  Spire  
Show
View Real Time Build Order
Export as new Build Order

IIIIIIIIIIII Protoss 

Build Orders: 1 Gate Expand, Oracle Opening, Phoenix Opening, Zealot Archon 

Get SALT Encoding   

  12  0:00  Probe  
  13  0:12  Probe  
  14  0:20  Pylon  
  14  0:25  Probe  
  15  0:38  Probe (Chrono Boost)  
  15  0:40  Gateway  
  16  0:48  Probe (Chrono Boost), Assimilator  
  17  0:53  Probe (Chrono Boost)  
  18  1:04  Probe  
  19  1:16  Probe  
  20  1:23  Pylon  
  20  1:33  Nexus  
  20  1:36  Probe  
  21  1:46  Assimilator  
  21  1:47  Cybernetics Core  
  21  1:49  Probe  
  22  1:59  Pylon  
  22  2:02  Probe (Chrono Boost)  
  23  2:15  Probe (Chrono Boost)  
  24  2:25  Adept (Chrono Boost)  
  24  2:27  Stargate  
  26  2:34  Probe  
  27  2:38  Warp Gate  
  27  2:46  Probe, Pylon  
  27  2:48  Probe, Gateway  
  29  2:54  Adept  
  31  3:01  Probe  
  31  3:02  Probe  
  33  3:09  Oracle (Chrono Boost)  
  36  3:17  Probe  
  36  3:19  Pylon  
  37  3:20  Probe  
  38  3:29  Probe  
  38  3:32  Probe  
  40  3:38  Pylon  
  40  3:39  Phoenix (Chrono Boost)  
  42  3:46  Probe  
  43  3:50  Robotics Facility  
  43  3:54  Assimilator  
  43  3:56  Probe  
  43  4:02  Assimilator  
  44  4:05  Probe  
  44  4:09  Probe  
  46  4:15  Pylon  
  46  4:17  Probe  
  46  4:21  Probe  
  48  4:27  Adept x2  
  48  4:29  Probe  
  53  4:38  Probe  
  54  4:39  Observer  
  55  4:48  Nexus  
  55  4:50  Pylon  
  53  4:55  Pylon  
  53  4:56  Probe (Chrono Boost)  
  53  4:57  Twilight Council  
  53  4:58  Forge  
  54  5:00  Probe (Chrono Boost)  
  56  5:08  Probe (Chrono Boost)  
  56  5:13  Probe (Chrono Boost)  
  57  5:14  Shield Battery  
  57  5:15  Probe (Chrono Boost)  
  57  5:19  Probe  
  57  5:20  Immortal  
  63  5:29  Probe  
  63  5:31  Protoss Ground Weapons Level 1 (Chrono Boost)  
  63  5:33  Probe, Blink (Chrono Boost)  
  65  5:41  Probe  
  66  5:44  Gateway  
  66  5:46  Probe  
  67  5:53  Probe  
  68  5:58  Gateway, Sentry x2  
  68  5:59  Gateway  
  68  6:01  Probe  
  68  6:02  Probe, Gateway  
  74  6:10  Pylon  
  74  6:15  Gateway  
  74  6:16  Gateway  
  74  6:20  Probe x3  
  77  6:32  Probe  
  77  6:36  Gateway  
  77  6:38  Gateway  
  81  6:40  Immortal, Probe  
  81  6:42  Adept  
  81  6:43  Templar Archives  
  81  6:44  Probe  
  81  6:46  Probe  
  86  6:52  Stalker  
  86  6:53  Stalker  
  90  6:55  Probe  
  88  7:03  Probe x2  
  88  7:05  Assimilator  
  88  7:06  Assimilator  
  88  7:07  Probe, Pylon  
  91  7:16  Probe  
  91  7:17  Gateway  
  91  7:18  Stalker  
  91  7:19  Gateway, Protoss Ground Weapons Level 2 (Chrono Boost)  
  94  7:23  Pylon  
  94  7:25  Pylon, Psionic Storm, High Templar x2  
  94  7:27  Probe  
  99  7:30  Probe  
  99  7:33  Charge (Chrono Boost)  
  99  7:34  Archon  
  100  7:38  Stalker  
  100  7:40  Stalker  
  100  7:44  Probe x2, Pylon  
  104  7:51  Pylon  
  104  7:52  Observer  
  104  7:55  High Templar x2  
  109  8:03  Pylon  
  109  8:10  High Templar  
  111  8:13  Stalker x2  
  111  8:14  Stalker  
  111  8:16  Zealot x4  
  124  8:20  Archon  
  124  8:22  Immortal  
  124  8:25  Pylon  
  124  8:26  Pylon  
  128  8:27  Pylon  
  128  8:30  Stalker x2  
  132  8:35  Pylon  
  132  8:39  High Templar  
  134  8:46  High Templar  
  134  8:48  Zealot x5  
  142  8:52  Pylon  
  142  8:54  High Templar  
  148  9:00  Nexus  
  148  9:03  Warp Prism  
  148  9:07  Photon Cannon  
  150  9:15  Stalker x3  
  156  9:18  Pylon  
  156  9:29  Stalker x3  
  162  9:32  Pylon  
  162  9:45  Stalker x3  
  167  9:51  Stalker x2  
  165  10:00  Stalker x3  
  165  10:06  Stalker x2  
  131  10:24  Stalker x4  
  131  10:25  Immortal  
  131  10:27  Probe x2  
  131  10:28  Probe  
  132  10:36  Archon  
  121  10:46  High Templar x3  
  115  10:54  Zealot x5  
  115  10:55  Zealot x2  
  119  11:01  Immortal (Chrono Boost)  
  103  11:06  Archon  
  102  11:15  Zealot x3  
  102  11:16  Zealot x2, High Templar x2  
  106  11:34  Observer (Chrono Boost)  
  106  11:39  High Templar x2  
  107  11:41  Zealot x3  
  109  11:50  Zealot x3  
  109  11:51  Zealot  
  99  11:54  Nexus  
  77  12:04  Zealot x4  
Tags
 
Add a new tag
Caveats
  • Supply blocks, unpowered buildings, or Contaminate may cause inaccurate times.
  • Supply counts are checked every 10 seconds.